Map: Turbo Cruise '84 LE

Players

BaeGOPA - Winner!

  • Race: Terran Terran
  • League: Master
  • Spawn Location: 7:00

Mez

  • Race: Terran Terran
  • League: Master
  • Spawn Location: 3:00

VOD

Have the link to the VOD?

Description

Time

  • Played on: Aug. 20, 2019, 4:03 a.m.
  • Length: 10:51
Show
View Real Time Build Order
Export as new Build Order

BaeGOPA Terran - Winner!

Build Orders: Gas First Reaper Expand, Liberator Opening 

Get SALT Encoding   

  12  0:02  SCV  
  14  0:14  SCV  
  14  0:18  Supply Depot  
  14  0:26  SCV  
  15  0:29  Refinery  
  15  0:40  SCV  
  16  0:45  Barracks  
  16  0:52  SCV  
  17  1:04  SCV  
  18  1:16  SCV  
  19  1:33  Orbital Command, Reaper  
  20  1:49  Command Center  
  20  1:59  Factory  
  20  2:03  SCV  
  21  2:10  Reaper  
  22  2:15  Supply Depot  
  22  2:18  SCV  
  22  2:22  Refinery  
  23  2:37  SCV  
  23  2:44  Hellion  
  26  2:47  Starport  
  26  2:49  SCV  
  27  2:54  Barracks Tech Lab  
  27  3:01  SCV  
  27  3:03  Orbital Command  
  28  3:13  SCV  
  28  3:19  Barracks Reactor  
  29  3:23  Cyclone  
  29  3:25  SCV  
  33  3:30  SCV  
  33  3:36  Liberator  
  33  3:37  Bunker, SCV  
  33  3:42  SCV  
  33  3:45  Refinery  
  34  3:49  SCV  
  34  3:54  SCV  
  34  3:55  Marine x2  
  40  4:02  SCV  
  42  4:05  Supply Depot  
  42  4:06  SCV  
  42  4:14  SCV  
  42  4:15  Marine x2  
  44  4:18  SCV  
  44  4:29  SCV  
  44  4:31  SCV  
  46  4:34  Marine x2, Siege Tank  
  51  4:39  Supply Depot  
  51  4:41  SCV  
  51  4:43  SCV  
  53  4:50  Engineering Bay  
  53  4:54  SCV, Starport Tech Lab  
  53  4:55  Refinery  
  54  5:01  SCV  
  53  5:07  Marine  
  53  5:08  Marine, Siege Tank  
  53  5:13  SCV, Raven  
  61  5:15  SCV  
  61  5:18  Supply Depot  
  62  5:25  Command Center  
  62  5:39  Marine x2, SCV x2  
  62  5:41  Barracks  
  69  5:42  Siege Tank  
  69  5:43  Barracks  
  69  5:52  SCV  
  67  5:57  SCV  
  67  5:59  Viking  
  67  6:01  Marine  
  70  6:06  Marine, Supply Depot  
  70  6:07  Supply Depot  
  70  6:20  Supply Depot  
  70  6:21  Siege Tank, Supply Depot  
  70  6:27  SCV  
  70  6:28  Viking  
  73  6:39  Marine  
  71  6:45  SCV  
  71  6:47  Orbital Command  
  71  6:48  Barracks Tech Lab  
  71  6:49  Barracks Reactor  
  71  6:52  SCV  
  71  6:53  Siege Tank  
  71  6:54  Terran Infantry Weapons Level 1  
  75  7:04  SCV  
  76  7:11  Starport Reactor, Orbital Command  
  76  7:12  Marine x2, Combat Shield  
  78  7:21  SCV  
  79  7:24  Marine x2, Supply Depot  
  80  7:30  Marine x2, Orbital Command  
  80  7:32  Stimpack  
  82  7:42  Marine  
  81  7:45  Marine, Siege Tank  
  81  7:46  SCV  
  81  7:48  Marine x2  
  85  7:52  SCV  
  85  7:55  SCV  
  88  7:58  SCV  
  88  8:00  Marine, Medivac x2  
  88  8:02  Marine  
  88  8:04  SCV  
  95  8:06  Marine x2  
  95  8:08  SCV  
  95  8:09  Barracks  
  95  8:10  SCV, Barracks, Armory  
  95  8:11  Engineering Bay  
  99  8:16  SCV  
  99  8:17  Siege Tank  
  99  8:18  Marine  
  104  8:20  Marine, SCV  
  104  8:22  SCV  
  104  8:23  Supply Depot  
  104  8:24  Marine x2  
  109  8:34  SCV  
  109  8:36  Marine, Medivac x2, SCV x2, Supply Depot  
  109  8:37  Supply Depot  
  109  8:38  Marine  
  117  8:46  SCV  
  117  8:51  Marine x2, Siege Tank  
  117  8:55  Marine  
  122  8:56  Marine x2  
  122  8:57  SCV x2  
  122  9:00  SCV  
  122  9:01  Refinery  
  122  9:02  Barracks Reactor  
  121  9:03  Refinery  
  121  9:08  Marine  
  121  9:09  Marine, SCV x2, Medivac  
  127  9:12  SCV  
  128  9:21  Marine x2, SCV  
  128  9:23  Barracks Reactor  
  128  9:24  Siege Tank, SCV x2  
  123  9:33  Viking  
  123  9:34  Marine x2  
  122  9:39  Marine x2, Viking  
  126  9:52  Command Center  
  126  9:53  Marine  
  126  9:54  Marine x2  
  126  9:56  Siege Tank  
  126  9:57  Marine x3  
  135  10:00  SCV, Supply Depot  
  135  10:02  SCV  
  137  10:11  Marine x3  
  137  10:14  Marine  
  141  10:21  Marine  
Show
View Real Time Build Order
Export as new Build Order

Mez Terran 

Build Orders: Cyclone Opening 

Get SALT Encoding   

  12  0:00  SCV  
  13  0:12  SCV  
  14  0:17  Supply Depot  
  14  0:26  SCV  
  15  0:30  Refinery  
  15  0:39  SCV  
  16  0:45  Barracks  
  16  0:51  SCV  
  17  1:03  SCV, Refinery  
  18  1:15  SCV  
  19  1:33  Orbital Command, Reaper  
  19  1:38  Factory  
  20  1:51  Supply Depot  
  20  1:59  SCV  
  21  2:05  Reaper  
  22  2:13  SCV  
  23  2:25  Factory Tech Lab  
  23  2:29  Command Center  
  23  2:32  SCV  
  24  2:37  Barracks Reactor  
  24  2:42  Reaper  
  24  2:44  Cyclone, SCV  
  29  2:56  SCV  
  29  2:58  Starport  
  30  3:02  Supply Depot  
  30  3:09  SCV  
  31  3:14  Barracks Reactor  
  31  3:24  SCV, Hellion  
  31  3:36  SCV  
  31  3:40  Starport Tech Lab  
  32  3:43  Orbital Command  
  32  3:46  Refinery  
  32  3:50  Marine x2  
  32  3:51  SCV  
  35  4:01  Raven  
  37  4:03  SCV  
  38  4:14  Siege Tank  
  36  4:25  SCV x2  
  36  4:28  Marine x2  
  40  4:33  Supply Depot  
  40  4:37  SCV x2  
  42  4:45  Command Center  
  42  4:48  Siege Tank  
  45  4:57  SCV x2  
  45  4:58  Marine x2  
  45  4:59  Raven  
  51  5:09  SCV x2  
  51  5:11  Supply Depot  
  53  5:20  Marine x2  
  54  5:27  SCV x2  
  54  5:39  Marine x2  
  53  5:53  SCV x2  
  55  5:57  Marine x2  
  55  5:58  Raven  
  55  5:59  Orbital Command  
  55  6:04  Cyclone  
  58  6:12  SCV x2  
  58  6:15  Marine x2  
  62  6:24  SCV x2  
  63  6:29  SCV  
  64  6:36  SCV x2  
  63  6:41  SCV  
  62  6:48  SCV x2, Refinery  
  62  6:52  Barracks  
  62  6:53  Siege Tank, SCV  
  68  6:54  Barracks  
  68  7:00  SCV  
  69  7:02  Engineering Bay  
  69  7:03  Engineering Bay  
  69  7:04  Marine, Supply Depot  
  70  7:09  SCV  
  70  7:10  SCV  
  70  7:12  SCV  
  70  7:14  Orbital Command  
  62  7:15  Viking x2  
  73  7:22  SCV  
  78  7:26  Marine, SCV  
  80  7:34  SCV  
  80  7:36  Stimpack  
  74  7:52  Barracks Reactor  
  74  7:53  SCV x2, Barracks Reactor  
  74  7:54  SCV  
  75  8:01  Barracks, Terran Infantry Armor Level 1, Terran Infantry Weapons Level 1  
  75  8:03  Supply Depot  
  75  8:04  Barracks, Supply Depot  
  75  8:05  SCV x2, Supply Depot  
  77  8:07  Viking x2  
  77  8:08  Siege Tank  
  77  8:12  SCV  
  85  8:17  SCV x2  
  87  8:24  SCV  
  87  8:25  Refinery  
  87  8:26  Marauder  
  90  8:29  SCV x2  
  90  8:33  Supply Depot  
  92  8:35  Supply Depot  
  92  8:36  SCV  
  92  8:37  Marine x4  
  92  8:39  Viking x2  
  101  8:41  SCV x2  
  101  8:47  Marine  
  105  8:48  SCV  
  105  8:55  Marine  
  87  9:07  Marine x5  
  90  9:10  Siege Tank, Medivac x2  
  82  9:33  Marine x5  
  82  9:35  Barracks Reactor x2  
  83  9:40  Medivac x2  
  83  9:42  Siege Tank  
  90  9:49  Refinery  
  90  9:56  Marine x5  
  95  10:03  SCV x2, Factory  
  95  10:04  Armory  
  97  10:07  Command Center  
  97  10:10  Medivac x2  
  97  10:12  Marine  
  97  10:13  Marine x2  
  97  10:14  Marine x5  
  107  10:21  Barracks x2  
  107  10:22  Barracks  
  107  10:25  Missile Turret  
  107  10:27  Missile Turret  
  103  10:30  Marine  
  103  10:31  Marine x4  
  103  10:32  Marine x4  
Tags
 
Add a new tag
Caveats
  • Supply blocks, unpowered buildings, or Contaminate may cause inaccurate times.
  • Supply counts are checked every 10 seconds.